TOP OF THE 1ST |
Indianapolis Indians batting - Pitching for Louisville Bats : RHP Jeremy Thomsen
|
Pitching: RHP Jeremy Thomsen
|
|
Batting: RHB Caleb Russell
|
0-0: Ball 1-0: Ground out 6-3 (Groundball, 6, EV 99.4 MPH)
|
Batting: RHB Bubba Tierney
|
0-0: Ball 1-0: Swinging Strike 1-1: Called Strike 1-2: Ball 2-2: Foul Ball, location: 2F 2-2: Foul Ball, location: 2F 2-2: Foul Ball, location: 2F 2-2: Fly out, F8 (Line Drive, 8RM, EV 87.5 MPH)
|
Batting: RHB Mike Cochran
|
0-0: Foul Ball, location: 2F 0-1: Ball 1-1: Foul Ball, location: 2F 1-2: Ball 2-2: Ground out 4-3 (Groundball, 34, EV 86.3 MPH)
|
Top of the 1st over - 0 runs, 0 hits, 0 errors, 0 left on base; Indianapolis 0 - Louisville 0 |
BOTTOM OF THE 1ST |
Louisville Bats batting - Pitching for Indianapolis Indians : RHP Vince Scripp
|
Pitching: RHP Vince Scripp
|
|
Batting: SHB Paul Sandoval
|
0-0: Fly out, F8 (Flyball, 89D, EV 97.5 MPH)
|
Batting: RHB Chase Briney
|
0-0: Foul Ball, location: 2F 0-1: Foul Ball, location: 2F 0-2: Strikes out swinging
|
Batting: LHB Randy Racine
|
0-0: Called Strike 0-1: Ground out 6-3 (Groundball, 6M, EV 81.9 MPH)
|
Bottom of the 1st over - 0 runs, 0 hits, 0 errors, 0 left on base; Indianapolis 0 - Louisville 0 |
TOP OF THE 2ND |
Indianapolis Indians batting - Pitching for Louisville Bats : RHP Jeremy Thomsen
|
Batting: SHB Ben Myers
|
0-0: Swinging Strike 0-1: Ball 1-1: Ball 2-1: Called Strike 2-2: Fly out, F5 (Popup, 6S, EV 68.8 MPH)
|
Batting: LHB Jorge Quintana
|
0-0: Called Strike 0-1: Called Strike 0-2: Ground out 4-3 (Groundball, 4, EV 105.0 MPH)
|
Batting: RHB Chris McCoy
|
0-0: Called Strike 0-1: Fly out, F8 (Flyball, 8LD, EV 102.5 MPH)
|
Top of the 2nd over - 0 runs, 0 hits, 0 errors, 0 left on base; Indianapolis 0 - Louisville 0 |
BOTTOM OF THE 2ND |
Louisville Bats batting - Pitching for Indianapolis Indians : RHP Vince Scripp
|
Batting: RHB Jason Harris
|
0-0: Ball 1-0: Ball 2-0: Reached on error, E6 (Groundball, 6, EV 81.9 MPH)
|
Batting: SHB Freddie Farrar
|
0-0: Foul Ball, location: 2F 0-1: Ball Wild Pitch! Jason Harris to third 1-1: SINGLE (Groundball, 34D, EV 98.8 MPH) Jason Harris scores
|
Batting: RHB Estanislau Gosendes
|
0-0: Foul Ball, location: 2F 0-1: Ball 1-1: Swinging Strike 1-2: Ball 2-2: Ball 3-2: Strikes out swinging
|
Batting: RHB Danny Real
|
0-0: Foul Ball, location: 2F 0-1: 2-RUN HOME RUN (Flyball, 7LD, EV 93.1 MPH), Distance : 346 ft
|
Batting: RHB Gerald de Vries
|
0-0: Ball 1-0: Foul Ball, location: 2F 1-1: Called Strike 1-2: Foul Ball, location: 2F 1-2: Ball 2-2: Ball 3-2: Ground out 4-3 (Groundball, 4, EV 84.4 MPH)
|
Batting: RHB Yasusaburo Kuwahara
|
0-0: Called Strike 0-1: Ball 1-1: Called Strike 1-2: SINGLE (Flyball, 89S, EV 90.6 MPH)
|
Batting: SHB Paul Sandoval
|
0-0: Ball 1-0: Ball 2-0: Called Strike 2-1: Called Strike 2-2: Foul Ball, location: 2F 2-2: Ball 3-2: Strikes out swinging
|
Bottom of the 2nd over - 3 runs, 3 hits, 1 error, 1 left on base; Indianapolis 0 - Louisville 3 |
TOP OF THE 3RD |
Indianapolis Indians batting - Pitching for Louisville Bats : RHP Jeremy Thomsen
|
Batting: RHB Danny Gallegos
|
0-0: Ball 1-0: Ground out 6-3 (Groundball, 6, EV 85.6 MPH)
|
Batting: RHB Jorge Cruz
|
0-0: Swinging Strike 0-1: Foul Ball, location: 2F 0-2: Strikes out looking
|
Batting: RHB Slamet Pamungkas
|
0-0: Ball 1-0: Ground out 5-3 (Groundball, 56, EV 92.5 MPH)
|
Top of the 3rd over - 0 runs, 0 hits, 0 errors, 0 left on base; Indianapolis 0 - Louisville 3 |
BOTTOM OF THE 3RD |
Louisville Bats batting - Pitching for Indianapolis Indians : RHP Vince Scripp
|
Batting: RHB Chase Briney
|
0-0: Ball 1-0: Called Strike 1-1: Ground out 6-3 (Groundball, 6S, EV 75.6 MPH)
|
Batting: LHB Randy Racine
|
0-0: Called Strike 0-1: Ball 1-1: Ball 2-1: Foul Ball, location: 2F 2-2: Foul Ball, location: 2F 2-2: Ball 3-2: TRIPLE (Flyball, 89XD, EV 101.9 MPH)
|
Batting: RHB Jason Harris
|
0-0: Swinging Strike 0-1: Ball 1-1: Called Strike 1-2: Ball 2-2: Strikes out swinging
|
Batting: SHB Freddie Farrar
|
0-0: Swinging Strike 0-1: Foul Ball, location: 2F 0-2: Fly out, F7 (Flyball, 7D, EV 101.9 MPH)
|
Bottom of the 3rd over - 0 runs, 1 hit, 0 errors, 1 left on base; Indianapolis 0 - Louisville 3 |
TOP OF THE 4TH |
Indianapolis Indians batting - Pitching for Louisville Bats : RHP Jeremy Thomsen
|
Batting: RHB Caleb Russell
|
0-0: Foul Ball, location: 2F 0-1: Reached on error, E5 (Groundball, 56, EV 85.6 MPH)
|
Batting: RHB Bubba Tierney
|
0-0: Called Strike 0-1: Ball Wild Pitch! Caleb Russell to second 1-1: Swinging Strike 1-2: Strikes out swinging
|
Batting: RHB Mike Cochran
|
0-0: Ball 1-0: Ball 2-0: Ball 3-0: Called Strike 3-1: Called Strike 3-2: Foul Ball, location: 2F 3-2: 2-RUN HOME RUN (Flyball, 7LD, EV 97.5 MPH), Distance : 374 ft
|
Batting: SHB Ben Myers
|
0-0: Ball 1-0: Foul Ball, location: 2F 1-1: Foul Ball, location: 2F 1-2: Ground out 5-3 (Groundball, 56, EV 103.8 MPH)
|
Batting: LHB Jorge Quintana
|
0-0: Called Strike 0-1: Ball 1-1: Ball 2-1: Swinging Strike 2-2: Fly out, F7 (Line Drive, 7S, EV 96.3 MPH)
|
Top of the 4th over - 2 runs, 1 hit, 1 error, 0 left on base; Indianapolis 2 - Louisville 3 |
BOTTOM OF THE 4TH |
Louisville Bats batting - Pitching for Indianapolis Indians : RHP Vince Scripp
|
Batting: RHB Estanislau Gosendes
|
0-0: Ball 1-0: Ball 2-0: SINGLE (Groundball, 6D, EV 107.5 MPH)
|
Batting: RHB Danny Real
|
0-0: Fly out, F8 (Flyball, 8RD, EV 90.6 MPH)
|
Batting: RHB Gerald de Vries
|
0-0: Called Strike 0-1: SINGLE (Groundball, 6S, EV 60.6 MPH) (infield hit) Estanislau Gosendes to second
|
Batting: RHB Yasusaburo Kuwahara
|
0-0: Called Strike 0-1: Swinging Strike 0-2: Foul Ball, location: 2F 0-2: Ball 1-2: Strikes out swinging
|
Batting: SHB Paul Sandoval
|
0-0: Swinging Strike 0-1: Swinging Strike 0-2: Foul Ball, location: 2F 0-2: Ball 1-2: Foul Ball, location: 2F 1-2: Fly out, F9 (Line Drive, 9S, EV 95.6 MPH)
|
Bottom of the 4th over - 0 runs, 2 hits, 0 errors, 2 left on base; Indianapolis 2 - Louisville 3 |
TOP OF THE 5TH |
Indianapolis Indians batting - Pitching for Louisville Bats : RHP Jeremy Thomsen
|
Batting: RHB Chris McCoy
|
0-0: Swinging Strike 0-1: Ground out 6-3 (Groundball, 6S, EV 77.5 MPH)
|
Batting: RHB Danny Gallegos
|
0-0: Ball 1-0: Ground out 4-3 (Groundball, 4MS, EV 93.8 MPH)
|
Batting: RHB Jorge Cruz
|
0-0: Ball 1-0: Ball 2-0: Ball 3-0: Called Strike 3-1: Base on Balls
|
Batting: RHB Slamet Pamungkas
|
0-0: Called Strike 0-1: Fly out, F8 (Flyball, 78D, EV 88.1 MPH)
|
Top of the 5th over - 0 runs, 0 hits, 0 errors, 1 left on base; Indianapolis 2 - Louisville 3 |
BOTTOM OF THE 5TH |
Louisville Bats batting - Pitching for Indianapolis Indians : RHP Vince Scripp
|
Batting: RHB Chase Briney
|
0-0: Called Strike 0-1: SINGLE (Groundball, 56D, EV 106.9 MPH)
|
Batting: LHB Randy Racine
|
0-0: Called Strike 0-1: Fly out, F2 (Popup, 15S, EV 85.0 MPH)
|
Batting: RHB Jason Harris
|
0-0: Swinging Strike 0-1: Grounds into double play, 6-4-3 (Groundball, 6, EV 105.6 MPH)
|
Bottom of the 5th over - 0 runs, 1 hit, 0 errors, 0 left on base; Indianapolis 2 - Louisville 3 |
TOP OF THE 6TH |
Indianapolis Indians batting - Pitching for Louisville Bats : RHP Jeremy Thomsen
|
Batting: RHB Caleb Russell
|
0-0: Ball 1-0: Ball 2-0: Ball 3-0: Base on Balls
|
Batting: RHB Bubba Tierney
|
0-0: Called Strike 0-1: Ball 1-1: Called Strike Caleb Russell steals 2nd base (no throw) 1-2: Ball 2-2: Strikes out swinging
|
Batting: RHB Mike Cochran
|
0-0: Fly out, F8 (Line Drive, 8LM, EV 98.8 MPH)
|
Batting: SHB Ben Myers
|
0-0: Called Strike 0-1: Called Strike 0-2: Ball 1-2: Strikes out looking
|
Top of the 6th over - 0 runs, 0 hits, 0 errors, 1 left on base; Indianapolis 2 - Louisville 3 |
BOTTOM OF THE 6TH |
Louisville Bats batting - Pitching for Indianapolis Indians : RHP Vince Scripp
|
Batting: SHB Freddie Farrar
|
0-0: Ball 1-0: Fly out, F8 (Flyball, 78D, EV 105.6 MPH)
|
Batting: RHB Estanislau Gosendes
|
0-0: Ball 1-0: Ground out 5-3 (Groundball, 56S, EV 65.6 MPH)
|
Batting: RHB Danny Real
|
0-0: Ball 1-0: Foul Ball, location: 2F 1-1: Swinging Strike 1-2: Foul Ball, location: 2F 1-2: Ball 2-2: Ground out 1-3 (Groundball, 15S, EV 65.6 MPH)
|
Bottom of the 6th over - 0 runs, 0 hits, 0 errors, 0 left on base; Indianapolis 2 - Louisville 3 |
TOP OF THE 7TH |
Indianapolis Indians batting - Pitching for Louisville Bats : RHP Jeremy Thomsen
|
Batting: LHB Jorge Quintana
|
0-0: Ball 1-0: Called Strike 1-1: Foul Ball, location: 2F 1-2: Foul Ball, location: 2F 1-2: Foul Ball, location: 2F 1-2: Ball 2-2: Ground out 1-3 (Groundball, 34S, EV 71.9 MPH)
|
Batting: RHB Chris McCoy
|
0-0: Ball 1-0: Ball 2-0: Ball 3-0: Base on Balls
|
Batting: RHB Danny Gallegos
|
0-0: Ball Chris McCoy steals 2nd base 1-0: Called Strike 1-1: DOUBLE (Line Drive, 9LM, EV 106.3 MPH) Chris McCoy scores
|
Batting: RHB Jorge Cruz
|
0-0: Swinging Strike 0-1: Fly out, F7 (Flyball, 78D, EV 92.5 MPH)
|
Batting: RHB Slamet Pamungkas
|
0-0: Ball 1-0: Called Strike 1-1: Fly out, F6 (Flyball, 6D, EV 91.3 MPH)
|
Top of the 7th over - 1 run, 1 hit, 0 errors, 1 left on base; Indianapolis 3 - Louisville 3 |
BOTTOM OF THE 7TH |
Louisville Bats batting - Pitching for Indianapolis Indians : RHP Vince Scripp
|
Batting: RHB Gerald de Vries
|
0-0: Ball 1-0: Foul Ball, location: 2F 1-1: Ball 2-1: Swinging Strike 2-2: Foul Ball, location: 2F 2-2: Foul Ball, location: 2F 2-2: Strikes out looking
|
Batting: RHB Yasusaburo Kuwahara
|
0-0: Called Strike 0-1: Called Strike 0-2: Ball 1-2: Strikes out swinging
|
Batting: SHB Paul Sandoval
|
0-0: Ball 1-0: SINGLE (Groundball, 6D, EV 103.8 MPH)
|
Pitching: RHP Tony Contreras
|
|
Batting: RHB Chase Briney
|
0-0: Ball Paul Sandoval steals 2nd base 1-0: Ball 2-0: Ball 3-0: Called Strike 3-1: SINGLE (Groundball, 6MD, EV 109.4 MPH) Paul Sandoval to third Runner from 3rd tries for Home, SAFE, throw by CF to home
|
Batting: LHB Randy Racine
|
0-0: Ball 1-0: Swinging Strike 1-1: Ball 2-1: Ball 3-1: Base on Balls Chase Briney to second
|
Batting: RHB Jason Harris
|
0-0: Swinging Strike 0-1: Ball 1-1: Foul Ball, location: 2F 1-2: Foul Ball, location: 2F 1-2: Strikes out swinging
|
Bottom of the 7th over - 1 run, 2 hits, 0 errors, 2 left on base; Indianapolis 3 - Louisville 4 |
TOP OF THE 8TH |
Indianapolis Indians batting - Pitching for Louisville Bats : RHP Jeremy Thomsen
|
Batting: RHB Caleb Russell
|
0-0: Called Strike 0-1: SINGLE (Line Drive, 8LS, EV 103.1 MPH)
|
Pitching: RHP Casey Truax
|
|
Batting: RHB Bubba Tierney
|
0-0: Bunt missed! 0-1: Sac Bunt to 13 - play at first, batter OUT! 1-4 Caleb Russell to second
|
Batting: RHB Mike Cochran
|
0-0: Foul Ball, location: 2F 0-1: SINGLE (Line Drive, 8LS, EV 112.5 MPH) Caleb Russell to third
|
Batting: SHB Ben Myers
|
0-0: Ball 1-0: Foul Ball, location: 2F 1-1: DOUBLE (Flyball, 8RXD, EV 101.9 MPH) Caleb Russell scores Mike Cochran to third
|
Batting: LHB Jorge Quintana
|
0-0: Intentional Walk
|
Batting: RHB Chris McCoy
|
0-0: Ball 1-0: Fly out, F7 (Flyball, 7D, EV 100.6 MPH) Runner from 3rd tags up, SCORES, throw by LF
|
Batting: RHB Danny Gallegos
|
0-0: Ball 1-0: Fly out, F8 (Flyball, 8LS, EV 89.4 MPH)
|
Top of the 8th over - 2 runs, 3 hits, 0 errors, 2 left on base; Indianapolis 5 - Louisville 4 |
BOTTOM OF THE 8TH |
Louisville Bats batting - Pitching for Indianapolis Indians : RHP Tony Contreras
|
Batting: SHB Freddie Farrar
|
0-0: Called Strike 0-1: Ground out 4-3 (Groundball, 4MD, EV 88.1 MPH)
|
Batting: RHB Estanislau Gosendes
|
0-0: Ball 1-0: Swinging Strike 1-1: Foul Ball, location: 2F 1-2: Foul Ball, location: 2F 1-2: Ground out 4-3 (Groundball, 4, EV 92.5 MPH)
|
Batting: RHB Danny Real
|
0-0: Ground out 6-3 (Groundball, 56S, EV 88.8 MPH)
|
Bottom of the 8th over - 0 runs, 0 hits, 0 errors, 0 left on base; Indianapolis 5 - Louisville 4 |
TOP OF THE 9TH |
Indianapolis Indians batting - Pitching for Louisville Bats : RHP Casey Truax
|
Pitching: LHP Logan Moultry
|
|
Batting: RHB Jorge Cruz
|
0-0: Ball 1-0: Called Strike 1-1: Foul Ball, location: 2F 1-2: Foul Ball, location: 2F 1-2: Ball 2-2: Ball 3-2: Foul Ball, location: 2F 3-2: Base on Balls
|
Batting: RHB Slamet Pamungkas
|
0-0: Bunted foul 0-1: Ball 1-1: Ball 2-1: Bunt missed! 2-2: Foul Ball, location: 2F 2-2: Strikes out looking
|
Batting: RHB Caleb Russell
|
0-0: Ball 1-0: Foul Ball, location: 2F 1-1: Ball 2-1: Swinging Strike 2-2: Foul Ball, location: 2F 2-2: Foul Ball, location: 2F 2-2: Strikes out looking
|
Batting: RHB Bubba Tierney
|
0-0: Ball 1-0: Ball 2-0: Ball 3-0: Called Strike 3-1: Base on Balls Jorge Cruz to second
|
Batting: RHB Mike Cochran
|
0-0: Called Strike 0-1: Ball 1-1: Foul Ball, location: 2F 1-2: Reached on error, E5 (Groundball, 56, EV 107.5 MPH) Jorge Cruz to third Bubba Tierney to second
|
Batting: SHB Ben Myers
|
0-0: Called Strike 0-1: Called Strike 0-2: Ball 1-2: Ball 2-2: Strikes out swinging
|
Top of the 9th over - 0 runs, 0 hits, 1 error, 3 left on base; Indianapolis 5 - Louisville 4 |
BOTTOM OF THE 9TH |
Louisville Bats batting - Pitching for Indianapolis Indians : RHP Tony Contreras
|
Pitching: LHP Jason Salzer
|
|
Batting: RHB Gerald de Vries
|
0-0: Foul Ball, location: 2F 0-1: Foul Ball, location: 2F 0-2: Ball 1-2: Ball 2-2: Ball 3-2: Strikes out swinging
|
Batting: RHB Yasusaburo Kuwahara
|
0-0: Called Strike 0-1: Ball 1-1: Ball 2-1: Called Strike 2-2: Strikes out swinging
|
Batting: SHB Paul Sandoval
|
0-0: Called Strike 0-1: Ball 1-1: Called Strike 1-2: Strikes out swinging
|
Bottom of the 9th over - 0 runs, 0 hits, 0 errors, 0 left on base; Indianapolis 5 - Louisville 4 |
|